AoeStats
← Jorf

Arabia

508111583Analyzed
4v4 RM · 10d ago on Sep 20, 2026· 36m 57s· 8 players
Game mode
Random Map
Map size
Large (8 player)
Population
200
Speed
Normal
Resources
Standard
Victory
Conquest
Starting age
Dark Age
Ending age
Imperial Age
RankedLock teamsTeams togetherTeam positionsShared explorationLock speedFull tech treeHidden civsTurbo modeCheats
Victory
Defeat
🇺🇸 Lithuanians · United States
776
+10
🇦🇷 Magyars · Argentina
766
+10
🇹🇼 Inca · Taiwan
674
+14
🇨🇱 Vikings · Chile
464
+21
🇧🇷 Byzantines · Brazil
645
-15
🇦🇷 Georgians · Argentina
638
-14
🇧🇷 Britons · Brazil
612
-13
🇦🇷 Spanish · Argentina
605
-13
Jorf
6:23 Loom
11:15 Feudal Age
12:06 Double-Bit Axe
13:03 Gold Mining
17:06 Stone Mining
20:04 Horse Collar
24:47 Castle Age
24:56 Fletching
25:48 Bow Saw
25:01 Crossbowman
25:50 Thumb Ring
32:51 Bodkin Arrow
34:28 Gold Shaft Mining
33:58 Heavy Plow
34:34 Stone Shaft Mining
capitaoJOE
11:34 Feudal Age
12:11 Double-Bit Axe
12:19 Gold Mining
12:38 Horse Collar
15:41 Loom
EXCELSIOR!
1:16 Loom
12:14 Feudal Age
13:10 Double-Bit Axe
21:07 Castle Age
20:33 Wheelbarrow
23:21 Fervor
24:10 Forging
25:37 Gold Mining
28:39 Iron Casting
28:16 Scale Barding Armor
30:05 Bow Saw
33:39 Chain Barding Armor
39:11 Imperial Age
AHELOIN7365
13:09 Feudal Age
13:54 Double-Bit Axe
15:08 Horse Collar
16:49 Stone Mining
16:51 Gold Mining
30:23 Castle Age
30:08 Arson
30:41 Forging
30:37 Scale Barding Armor
30:33 Padded Archer Armor
30:34 Scale Mail Armor
30:25 Fletching
32:03 Wheelbarrow
31:16 Pikeman
32:42 Caravan
33:13 Bow Saw
33:55 Squires
AzureMan
0:58 Loom
12:44 Feudal Age
14:03 Wheelbarrow
13:16 Double-Bit Axe
17:46 Castle Age
15:46 Stone Mining
15:50 Gold Mining
16:02 Horse Collar
19:03 Hand Cart
19:41 Heavy Plow
20:52 Bow Saw
25:52 Fervor
26:33 Town Watch
27:32 Sanctity
28:19 Fletching
32:53 Imperial Age
31:32 Bodkin Arrow
33:45 Bracer
34:27 Stone Shaft Mining
35:28 Chemistry
35:58 Conscription
37:42 Masonry
haoyu
12:17 Feudal Age
12:51 Champi Runner
13:52 Horse Collar
14:41 Double-Bit Axe
15:13 Arson
16:12 Town Watch
17:40 Wheelbarrow
20:17 Forging
19:59 Fletching
23:20 Castle Age
22:08 Scale Mail Armor
26:58 Crossbowman
27:43 Squires
29:20 Loom
33:42 Hand Cart
nicolas.e.delgadillo96
6:33 Loom
9:19 Feudal Age
9:51 Double-Bit Axe
18:20 Scale Barding Armor
20:03 Bloodlines
23:54 Castle Age
24:19 Fletching
24:29 Padded Archer Armor
23:58 Light Cavalry
24:38 Husbandry
25:01 Chain Barding Armor
24:52 Elite Skirmisher
28:24 Ballistics
30:18 Bodkin Arrow
32:04 Leather Archer Armor
36:20 Horse Collar
37:18 Scale Mail Armor
rodrigooboeponce
1:12 Loom
13:18 Feudal Age
13:52 Gold Mining
13:42 Horse Collar
14:06 Double-Bit Axe
16:18 Stone Mining
22:39 Forging
22:29 Scale Mail Armor
25:24 Castle Age
23:54 Arson
25:43 Padded Archer Armor
25:33 Fletching
27:14 Iron Casting
26:54 Chain Mail Armor
26:46 Heavy Plow
27:00 Bow Saw
28:17 Pikeman
28:57 Squires
28:43 Gambesons
30:04 Crossbowman
31:04 Leather Archer Armor
30:44 Bodkin Arrow
Connection lost

Rejoining the realm…

Still unreachable

The connection could not be restored.

Session expired

The server has moved on; the page needs a fresh start.